 Seeded DCSS version 0.30.1-11-g7821555f0a (webtiles) character file.

Game seed: 6634567628223944250 (custom seed)

1853 fireball365 the Cleaver (level 9, -1/75 HPs)
             Began as a Hill Orc Fighter on Dec 8, 2023.
             Was an Initiate of Gozag.
             Slain by a yak (13 damage)
             ... on level 7 of the Dungeon.
             The game lasted 00:11:03 (6049 turns).

fireball365 the Cleaver (Hill Orc Fighter)          Turns: 6049, Time: 00:11:04

Health: -1/75      AC: 16    Str: 23    XL:     9   Next: 12%
Magic:  9/9        EV:  9    Int:  8    God:    Gozag
Gold:   277        SH:  4    Dex: 10    Spells: 8/8 levels left

rFire   . . .        a - +0 war axe
rCold   . . .        c - +0 buckler
rNeg    . . .        D - +0 chain mail
rPois   .            h - +2 hat
rElec   .            k - +2 cloak
rCorr   .            (no gloves)
SInv    .            B - +0 pair of boots
Will    .....        (no amulet) Stlth
                     (no ring)
HPRegen 0.32/turn    (no ring)
MPRegen 0.11/turn

%: no passive effects
@: no status effects
A: no striking features
a: Renounce Religion, Potion Petition, Call Merchant, Bribe Branch


You were on level 7 of the Dungeon.
You worshipped Gozag.
Gozag was aware of your devotion.
You visited 1 branch of the dungeon, and saw 7 of its levels.

You collected 472 gold pieces.
You spent 75 gold pieces at shops.
You paid 120 gold pieces to Gozag.

Inventory:

Hand Weapons
 a - a +0 war axe (weapon)
Missiles
 j - 6 boomerangs (quivered)
 p - 10 poisoned darts
Armour
 b - a +0 scale mail
 c - a +0 buckler (worn)
 h - a +2 hat (worn)
 k - a +2 cloak (worn)
 B - a +0 pair of boots (worn)
 D - a +0 chain mail (worn)
Jewellery
 w - an amulet of magic regeneration
Wands
 m - a wand of polymorph (11)
 n - a wand of flame (1)
Scrolls
 e - 3 scrolls of amnesia {unknown}
 g - a scroll of silence {unknown}
 i - a scroll of vulnerability {unknown}
 l - 2 scrolls of immolation {unknown}
 o - 5 scrolls of teleportation
 q - a scroll of brand weapon {unknown}
 t - a scroll of magic mapping {unknown}
 u - a scroll of fear {unknown}
 v - 2 scrolls of enchant armour {unknown}
 y - 6 scrolls of identify
 A - 2 scrolls of poison {unknown}
 E - a scroll of butterflies {unknown}
Potions
 d - 5 potions of might
 f - 2 potions of curing {unknown}
 r - 2 potions of degeneration {unknown}
 s - 2 potions of brilliance {unknown}
 z - a potion of cancellation {unknown}
 C - a potion of invisibility {unknown}
 F - a potion of mutation {unknown}


   Skills:
 + Level 5.7 Fighting
 * Level 11.8 Axes
 + Level 6.1 Armour
 + Level 2.0 Dodging
 + Level 0.4 Stealth
 + Level 4.5 Shields


You had 8 spell levels left.
You didn't know any spells.
Your spell library contained the following spells:

 Spells                   Type           Power      Damage    Failure   Level
 Slow                     Hex            0%         N/A       95%         1
 Sting                    Tmut/Pois      0%         1d3       95%         1
 Cigotuvi's Dreadful Rot  Necr/Pois/Air  0%         N/A       99%         2
 Ensorcelled Hibernation  Hex/Ice        0%         N/A       99%         2
 Passwall                 Tmut/Erth      0%         N/A       99%         2
 Poisonous Vapours        Pois/Air       0%         N/A       99%         2
 Confusing Touch          Hex            0%         N/A       100%        3
 Hailstorm                Conj/Ice       0%         3d3       100%        3
 Portal Projectile        Hex/Tloc       0%         N/A       100%        3
 Swiftness                Air            0%         N/A       100%        3
 Tukima's Dance           Hex            0%         N/A       100%        3
 Vampiric Draining        Necr           0%         2d6       100%        3
 Dispel Undead            Necr           0%         3d6       100%        4
 Ice Form                 Ice/Tmut       0%         N/A       100%        4
 Olgreb's Toxic Radiance  Pois           0%         N/A       100%        4
 Blade Hands              Tmut           0%         N/A       100%        5
 Death Channel            Necr           0%         N/A       100%        6
 Simulacrum               Ice/Necr       Unusable   N/A       N/A         6

Dungeon Overview and Level Annotations

Branches:
Dungeon (7/15)             Temple (0/1) D:4

Altars:
Ashenzari
Fedhas
Gozag
Hepliaklqana
Kikubaaqudgha
Makhleb
Qazlal
Ru
Vehumet
The Shining One

Shops:
D:4 =*[(


Message History

You completely miss the yak.
The yak is moderately wounded.
You hit the yak. You barely miss the yak. You hit the yak.
The yak barely misses you. The yak closely misses you. x2
You block the yak's attack.
You hit the yak but do no damage.
The yak is moderately wounded.
You barely miss the yak. You slash the yak! You hit the yak.
The yak gores you but does no damage. The yak completely misses you.
The yak gores you but does no damage. The yak gores you!
You hit the yak.
The yak is moderately wounded.
You slash the yak! You hit the yak but do no damage. You barely miss the yak.
You block the yak's attack. The yak gores you. The yak completely misses you.
The yak closely misses you.
You hit the yak but do no damage.
The yak is moderately wounded.
You hit the yak. You barely miss the yak. You hit the yak.
You block the yak's attack. The yak gores you. x2
The yak completely misses you.
You slash the yak!
The yak is severely wounded.
You barely miss the yak. x2; You completely miss the yak.
The yak gores you.
The yak gores you but does no damage. x2; The yak gores you!
* * * LOW HITPOINT WARNING * * *
You closely miss the yak.
The yak is severely wounded.
You hit the yak. x3; The yak closely misses you.
The yak gores you.
* * * LOW HITPOINT WARNING * * *
The yak gores you but does no damage. The yak gores you!
* * * LOW HITPOINT WARNING * * *
You feel much better. The yak barely misses you.
The yak gores you but does no damage. The yak gores you.
* * * LOW HITPOINT WARNING * * *
The yak gores you but does no damage.
You slash the yak!
The yak is almost dead.
You hit the yak. You slash the yak! You barely miss the yak. The yak gores you!
You die...
Your body crumbles into a pile of gold.

#.......# ......
#.......# ......
#.......##+#......
+.................
#......>.........
#...............
#...........#
#.....Y@...<#
'.....YYY...#
#...........# ...
#...........#
.....
#...........#
.....
#...........#
.....
#...........#..
.....
#...........#...
.... .... ....


You could see 4 yaks.

Vanquished Creatures
  A water moccasin (D:5)
  A black bear (D:5)
  An ice beast (D:7)
  A sky beast (D:7)
  4 ogres
  A centaur (D:6)
  2 phantoms (D:5)
  A bullfrog (D:7)
  Blork the orc (D:6)
  3 scorpions
  2 vampire bats (D:3)
  A crimson imp (D:3)
  3 orc priests (D:7)
  A hound (D:4)
  A gnoll bouda (D:5)
  2 iguanas (D:4)
  2 orc wizards
  Robin (D:2)
  3 gnolls (D:3)
  5 adders
  2 white imps
  4 ufetubi
  2 dart slugs
  A worm (D:3)
  15 orcs
  8 bats
  2 bat skeletons (D:3)
  2 bat zombies (D:3)
  5 endoplasms
  3 giant cockroaches
  17 goblins
  4 hobgoblins
  8 jackals
  5 kobolds
  2 quokkas
  9 ball pythons
  8 frilled lizards
  3 rats
137 creatures vanquished.

Notes
Turn   | Place    | Note
-------+----------+-------------------------------------------
     0 | D:1      | fireball365 the Hill Orc Fighter began the quest for the
                  | Orb.
     0 | D:1      | Reached XP level 1. HP: 19/19 MP: 1/1
    54 | D:1      | Reached XP level 2. HP: 27/27 MP: 2/2
   434 | D:1      | Reached skill level 3 in Axes
   434 | D:1      | Reached XP level 3. HP: 31/33 MP: 3/3
  1181 | D:2      | Noticed Robin
  1196 | D:2      | Reached XP level 4. HP: 32/40 MP: 4/4
  1214 | D:2      | Killed Robin
  1215 | D:2      | Reached skill level 4 in Axes
  1680 | D:3      | Found an ancient bone altar of Kikubaaqudgha.
  1690 | D:3      | Reached XP level 5. HP: 44/46 MP: 5/5
  1692 | D:3      | Reached skill level 5 in Axes
  1884 | D:3      | Found a burning altar of Makhleb.
  1885 | D:3      | Found a radiant altar of Vehumet.
  1890 | D:3      | Reached XP level 6. HP: 51/53 MP: 6/6
  2026 | D:3      | Reached skill level 1 in Dodging
  2134 | D:3      | Reached skill level 6 in Axes
  2233 | D:3      | Found a glowing golden altar of the Shining One.
  2348 | D:4      | Found Onkoum's Jewellery Shoppe.
  2392 | D:4      | Found a stormy altar of Qazlal.
  2541 | D:4      | Found a blossoming altar of Fedhas.
  2569 | D:4      | Found a staircase to the Ecumenical Temple.
  2594 | D:4      | Found Zele's Assorted Antiques.
  2598 | D:4      | Bought a scroll labelled CESITW NECSUG for 26 gold pieces
  2598 | D:4      | Bought a scroll labelled UBBEOC WUYPS for 26 gold pieces
  2598 | D:4      | Bought a fuming white potion for 23 gold pieces
  2831 | D:4      | Found a sacrificial altar of Ru.
  2841 | D:4      | Reached skill level 7 in Axes
  2841 | D:4      | Reached XP level 7. HP: 33/60 MP: 7/7
  2940 | D:4      | Found a hazy altar of Hepliaklqana.
  3013 | D:4      | Found Kyroxoykk's Armour Emporium.
  3025 | D:4      | Found Ixyedoekh's Weapon Emporium.
  3087 | D:4      | Found a broken altar of Ashenzari.
  3127 | D:5      | Entered Level 5 of the Dungeon
  3384 | D:5      | Reached skill level 8 in Axes
  3613 | D:5      | Reached skill level 5 in Fighting
  3613 | D:5      | Reached skill level 9 in Axes
  3613 | D:5      | Reached skill level 5 in Armour
  3927 | D:5      | Reached XP level 8. HP: 68/68 MP: 8/8
  4360 | D:5      | Reached skill level 10 in Axes
  4638 | D:6      | Noticed Blork the orc
  4653 | D:6      | Killed Blork the orc
  4918 | D:7      | Found an opulent altar of Gozag.
  4941 | D:7      | Reached skill level 11 in Axes
  4966 | D:7      | Became a worshipper of Gozag Ym Sagoz the Greedy
  5130 | D:7      | Reached XP level 9. HP: 38/74 MP: 9/9
  6047 | D:7      | HP: 1/75 [yak (13)]
  6049 | D:7      | Slain by a yak

Illustrated notes

Levels and vault maps discovered:
D:1:      shiori_arrival_maze, layout_basic
D:2:      layout_basic, uniq_robin
D:3:      layout_rooms, grunt_temple_overflow_lords_of_destruction,
          kennysheep_vampire_church, tso_oasis_becter, minmay_tree_intersection,
          kennysheep_donut
D:4:      layout_loops_ring, mainiacjoe_overflow_alcove_4,
          nicolae_overflow_quartered_altars, minmay_temple_entry_slanted,
          serial_shops, nicolae_shop_back_alley_shop,
          nicolae_shop_real_fake_doors, shop, shop, minivault_1
D:5:      kb_forest_paths, layout_basic
D:6:      layout_basic, uniq_blork_the_orc
D:7:      layout_gridville, mainiacjoe_overflow_concentric_impassable

Skill      XL: |  1  2  3  4  5  6  7  8 |
---------------+-------------------------+-----
Fighting       | 4 5 |  5.7
Axes           | 3 4 5 7 9 11 | 11.8
Armour         | 4 5 6 |  6.1
Shields        | 4 |  4.5
Dodging        | 1 2 |  2.0
Stealth        | |  0.4

Action                     |  1- 3 |  4- 6 |  7- 9 || total
---------------------------+-------+-------+-------++-------
  Melee: War axe           |   100 |   162 |   193 ||   455
    Use: Scroll            |       |     2 |       ||     2
         Potion            |       |       |     1 ||     1
 Armour: Scale mail        |    78 |   148 |    49 ||   275
         Chain mail        |       |       |    69 ||    69
  Dodge: Dodged            |    63 |   115 |    88 ||   266
  Block: Buckler           |    29 |    53 |    37 ||   119
